 Dungeon Crawl Stone Soup version 0.28-a0-706-gf6f64a616a (webtiles) character file.

Game seed: 12377066949286492131

9 rogsnak the Digger (level 2, -1/19 HPs)
             Began as a Barachi Earth Elementalist on Oct 25, 2021.
             Slain by a quokka (3 damage)
             ... on level 1 of the Dungeon.
             The game lasted 00:02:04 (850 turns).

rogsnak the Digger (Barachi Earth Elementalist)      Turns: 850, Time: 00:02:05

Health: -1/19      AC:  2    Str:  9    XL:     2   Next: 12%
Magic:  0/5        EV: 12    Int: 15    God:
Gold:   0          SH:  0    Dex: 12    Spells: 4/5 levels left

rFire   . . .      SeeInvis .   e - +0 club
rCold   . . .      Faith    .   (no shield)
rNeg    . . .      Spirit   .   b - +0 robe
rPois   .          Reflect  .   (no helmet)
rElec   .          Harm     .   (no cloak)
rCorr   .          Rampage  .   (no gloves)
Will    .....                   (no boots)
Stlth   ++........              (no amulet)
HPRegen 0.06/turn               (no ring)
MPRegen 0.09/turn               (no ring)

@: unable to hop, slow
A: amphibious, slowness 1, strong legs 1, +LOS
a: Hop


You were on level 1 of the Dungeon.
You visited 1 branch of the dungeon, and saw 1 of its levels.

Inventory:

Hand Weapons
 e - a +0 club (weapon)
Missiles
 a - 27 arrows
 c - 48 stones
Armour
 b - a +0 robe (worn)
Scrolls
 d - a scroll of holy word {unknown}


   Skills:
 + Level 0.2 Fighting
 + Level 2.2 Dodging
 + Level 1.9 Stealth
 + Level 2.4 Spellcasting
 + Level 1.1 Transmutations
 + Level 3.2 Earth Magic


You had 4 spell levels left.
You knew the following spells:

 Your Spells              Type           Power      Damage    Failure   Level
a - Sandblast             Erth           22%        2d7       5%          1

Your spell library contained the following spells:

 Spells                   Type           Power      Damage    Failure   Level
 Passwall                 Tmut/Erth      6%         N/A       13%         2
 Stone Arrow              Conj/Erth      12%        3d7       32%         3
 Petrify                  Tmut/Erth      8%         N/A       65%         4


Dungeon Overview and Level Annotations

Branches:
Dungeon (1/15)

Altars:


Innate Abilities, Weirdness & Mutations

You are amphibious.
You cover ground slowly.
You can hop short distances.
You have an extended range of vision and can be seen from far away.


Message History

Aiming: Sandblast (safe; 5% risk of failure)
Press: ? - help, Shift-Dir - straight line, f - frilled lizard
Aim: a frilled lizard (66% to hit)
The blast of sand hits the frilled lizard!
You kill the frilled lizard!
Unknown command.
Casting: Sandblast (safe; 5% risk of failure)
Confirm with . or Enter, or press ? or * to list all spells.
Aiming: Sandblast (safe; 5% risk of failure)
Press: ? - help, Shift-Dir - straight line, f - quokka
Aim: a quokka (71% to hit)
The blast of sand misses the quokka.
Unknown command.
Casting: Sandblast (safe; 5% risk of failure)
Confirm with . or Enter, or press ? or * to list all spells.
Aiming: Sandblast (safe; 5% risk of failure)
Press: ? - help, Shift-Dir - straight line, f/p - quokka
Aim: a quokka (71% to hit)
The blast of sand misses the quokka.
The quokka barely misses you.
Unknown command.
Casting: Sandblast (safe; 5% risk of failure)
Confirm with . or Enter, or press ? or * to list all spells.
You don't have enough magic to cast this spell.
Unknown command.
Unknown command.
Hop to where?
Press: ? - help, Dir - move target, p - quokka Boing!
Unknown command.
You hit the quokka but do no damage. The quokka bites you.
* * * LOW HITPOINT WARNING * * *
Unknown command.
You miss the quokka. The quokka barely misses you. x2
Unknown command.
You barely miss the quokka. The quokka bites you.
* * * LOW HITPOINT WARNING * * *
The quokka misses you.
Unknown command.
You hit the quokka but do no damage. The quokka bites you.
You die...

..##.#########################
.............................###
...##.####.###############.....##
......####.###########..$#.....#.
.....................#.8.#.....#.
...##.##.#.#########.#...#.....#.
......##.#.# #.#####.....##
.........#.#########.............
...............r@...>............
#..#..##.#.###.#####........<....
#.....)..#.###.### #.............
#.....##.r.......# #.............
#....###.#######.# #.#####.....##
#.... ...# #.# #.#...#.....#.
.....###.# #.# #.#.8.#.....#.
..... ..# #. #.#...#.....#. #..#.
#.# ###.###.#####.....##


You could see a quokka.

Vanquished Creatures
  A bat (D:1)
  A giant cockroach (D:1)
  A hobgoblin (D:1)
  A quokka (D:1)
  A frilled lizard (D:1)
  2 kobolds (D:1)
  A rat (D:1)
8 creatures vanquished.

Notes
Turn   | Place    | Note
-------+----------+-------------------------------------------
     0 | D:1      | rogsnak the Barachi Earth Elementalist began the quest for
                  | the Orb.
     0 | D:1      | Reached XP level 1. HP: 13/13 MP: 3/3
   824 | D:1      | Reached XP level 2. HP: 10/19 MP: 3/5
   850 | D:1      | Slain by a quokka

Illustrated notes

Levels and vault maps discovered:
D:1:      minmay_arrival_glassed_features, layout_basic,
          dreamdust_ecumenical_altar_drowned_temple

Action                   || total
-------------------------++-------
Melee: Unarmed           ||    48
       Club              ||    25
 Cast: Sandblast         ||     7
 Abil: Hop               ||     1
Armor: Robe              ||    35
Dodge: Dodged            ||    58

Table legend: (Time is in decaauts)
 A = Elapsed time spent in this place.
 B = Non-inter-level travel time spent in this place.
 C = Inter-level travel time spent in this place.
 D = Time resting spent in this place.
 E = Time spent auto-exploring this place.
 F = Levels seen in this place.
 G = Mean time per level.
                   A        B        C        D        E       F      G
               +--------+--------+--------+--------+--------+-----+--------+
         Total |    916 |    916 |      0 |    458 |     60 |   1 |  916.0 |
       Dungeon |    916 |    916 |      0 |    458 |     60 |   1 |  916.0 |
               +--------+--------+--------+--------+--------+-----+--------+

Top non-repeatable levels by time:
     D:1: 916 daAuts
